 Dungeon Crawl Stone Soup version 0.19.4 (webtiles) character file.

8086 Minion the Zephyrmancer (level 11, -17/60 (61) HPs)
             Began as a High Elf Wizard on Feb 1, 2017.
             Was a Priest of Vehumet.
             Killed from afar by an ogre mage (30 damage)
             ... with a bolt of cold
             ... on level 10 of the Dungeon.
             The game lasted 01:16:51 (13288 turns).

Minion the Zephyrmancer (High Elf Wizard)          Turns: 13288, Time: 01:16:54

HP:   -17/60 (61)   AC:  7    Str:  9    XL:     11   Next: 5%
MP:   1/26          EV: 15    Int: 26    God:    Vehumet [***...]
Gold: 604           SH:  0    Dex: 14    Spells: 7 memorised, 17 levels left

rFire  . . .     SeeInvis +     v - +9 mace "Neuny" {drain, *Contam rElec rN+ SInv}
rCold  . . .     Gourm    .     J - +3 leather armour "Tage" {rPois Str+3}
rNeg   + . .     Faith    .     (no shield)
rPois  +         Spirit   .     b - +1 hat
rElec  +         Reflect  .     (no cloak)
rCorr  .         Harm     .     (no gloves)
MR     +....                    (no boots)
Stlth  ++........               Q - amulet of regeneration
                                s - ring of see invisible
                                u - ring of wizardry

@: drained
A: no striking features
a: Renounce Religion


You were on level 10 of the Dungeon.
You worshipped Vehumet.
Vehumet was most pleased with you.
You were hungry.

You visited 2 branches of the dungeon, and saw 11 of its levels.

You collected 604 gold pieces.

Inventory:

Hand Weapons
 f - a +2 short sword of speed
 v - the +9 mace "Neuny" (weapon) {drain, *Contam rElec rN+ SInv}
   (You found it on level 5 of the Dungeon)

   A truly terrible weapon, it drains the life of those it strikes.
   It insulates you from electricity.
   It protects you from negative energy.
   It lets you see invisible.
   It causes magical contamination when unequipped.
Armour
 b - a +1 hat (worn)
 h - a +2 leather armour of positive energy
 F - the +2 ring mail of the Beekeeper {rPois Regen+}
   (You found it on level 7 of the Dungeon)

   It protects you from poison.
   It increases your rate of regeneration.
 J - the +3 leather armour "Tage" (worn) {rPois Str+3}
   (You found it on level 9 of the Dungeon)

   It affects your strength (+3).
   It protects you from poison.
Jewellery
 q - an uncursed ring of poison resistance
 s - a ring of see invisible (right hand)
 u - a ring of wizardry (left hand)
 Q - an amulet of regeneration (around neck)
Wands
 l - a wand of acid (3/15)
 G - a wand of acid (7/15)
 H - a wand of iceblast (6/15)
 O - a wand of iceblast (6/15)
 P - a wand of confusion (23/48)
Scrolls
 e - 4 scrolls of amnesia
 i - 3 scrolls of teleportation
 k - a scroll of acquirement {unknown}
 o - 5 scrolls of enchant armour
 p - 6 scrolls of identify
 r - 2 scrolls of fear
 y - 3 scrolls of magic mapping {unknown}
 D - a scroll of holy word {unknown}
 K - a scroll of torment {unknown}
 M - a scroll of random uselessness {unknown}
 R - a scroll of fog {unknown}
Potions
 a - 3 potions of might
 g - 3 potions of flight {unknown}
 j - a potion of haste {unknown}
 n - a potion of cancellation {unknown}
 t - 6 potions of curing
 w - a potion of invisibility
 z - a potion of agility {unknown}
 B - a potion of mutation {unknown}
 C - a potion of cure mutation
 N - a potion of degeneration {unknown}
 S - a potion of beneficial mutation {unknown}
Books
 c - a book of Minor Magic

   Spells                             Type                      Level
   a - Magic Dart                     Conjuration                  1
   b - Blink                          Translocation                2
   c - Call Imp                       Summoning                    2
   d - Repel Missiles                 Charms/Air                   2
   e - Slow                           Hexes                        2
   f - Conjure Flame                  Conjuration/Fire             3
   g - Mephitic Cloud                 Conjuration/Poison/Air       3
 L - a book of Misfortune

   Spells                             Type                      Level
   a - Confusing Touch                Hexes                        1
   b - Confuse                        Hexes                        3
   c - Gell's Gravitas                Hexes/Translocation          3
   d - Petrify                        Transmutation/Earth          4
   e - Metabolic Englaciation         Hexes/Ice                    5
   f - Yara's Violent Unravelling     Hexes/Transmutation          5
Miscellaneous
 x - a crystal ball of energy
Comestibles
 d - 10 bread rations
 m - a meat ration
 A - a royal jelly
 E - 2 beef jerkies
 I - a fruit


   Skills:
 + Level 3.0(2.8) Maces & Flails
 - Level 7.0(6.8) Dodging
 - Level 2.1(2.0) Stealth
 - Level 10.0(9.8) Spellcasting
 - Level 9.3(9.1) Conjurations
   Level 0.8(0.7) Summonings
 - Level 1.1(0.9) Translocations
 + Level 3.8(3.6) Ice Magic
 - Level 10.7(10.5) Air Magic


You had 17 spell levels left.
You knew the following spells:

 Your Spells              Type           Power        Failure   Level  Hunger
a - Magic Dart            Conj           ####         1%          1    None
b - Mephitic Cloud        Conj/Pois/Air  #####...     1%          3    None
c - Blink                 Tloc           N/A          4%          2    None
d - Repel Missiles        Chrm/Air       #####.       1%          2    None
e - Sandblast             Erth           ##....       1%          1    None
f - Searing Ray           Conj           ######       1%          2    None
g - Throw Frost           Conj/Ice       #####.       1%          2    None


Dungeon Overview and Level Annotations

Branches:
Dungeon (10/15)            Temple (1/1) D:5             Orc (0/2) D:9
   Lair: D:8-11

Altars:
Ashenzari
Cheibriados
Dithmenos
Elyvilon
Fedhas
Kikubaaqudgha
Makhleb
Nemelex Xobeh
Qazlal
Sif Muna
Vehumet
Xom
Yredelemnul
The Shining One

Shops:
D:7 (

Annotations:
D:9 Gastronok


Message History

You barely miss the ogre mage.
The ogre mage is moderately wounded.
The ogre mage seems less confused.
The ogre mage barely misses you.
You barely miss the ogre mage.
The ogre mage is moderately wounded.
The ogre mage gestures at you while chanting.
The crystal spear hits you!
Ouch! That really hurt!
* * * LOW HITPOINT WARNING * * *
The ogre mage misses you.
Casting: Mephitic Cloud
Confirm with . or Enter, or press ? or * to list all spells.
You blink.
Casting: Blink
Confirm with . or Enter, or press ? or * to list all spells.
You blink.
The ogre mage casts a spell at you. The bolt of cold hits you!
Ouch! That really hurt!
You die...

.. #......#....##.....#...'
#..###..#..#..#........#...#
####...†...#######........#...#
#..#.......#..#..#.#......'...# .
.....###.....#....#......#...#
.###... #....§###..........#...#
......# #).#§§§.........####...#
.._s..#######§.......##..# #...#
....†.#..#..#O§.@....##..# #...#
##.....#...((###...##..# #...#
#.....###.(...#........# #...#
#..#....)§(#..#..#.....# #...#
####.......#######.###.# #.†.#
#..#..###..#..#..#.....+ #...#
#......#......#....##'## #.<.#
.###..#..#..#..###......#####...#
......#######...........'...#...#


You could see an ogre mage.

Vanquished Creatures
  An unseen horror (D:10)
  Pikel (D:4)
  A harpy (shapeshifter) (D:10)
  A centaur zombie (D:10)
  Psyche (D:8)
  A centaur skeleton (D:10)
  2 hippogriffs
  A spriggan (D:9)
  5 yaks (D:9)
  Grum (D:8)
  Eustachio (D:6)
  A warg (D:9)
  Menkaure (D:3)
  A vampire mosquito (D:10)
  3 orc warriors (D:9)
  3 sky beasts
  4 slaves (D:5)
  2 ice beasts (D:8)
  2 black bears
  4 necrophages
  2 ogres
  3 wolves (D:8)
  A phantom (D:10)
  3 centaurs
  5 bullfrogs
  4 scorpions
  4 killer bees (D:10)
  7 wights
  2 howler monkeys
  8 crimson imps
  A bullfrog zombie (D:10)
  4 hounds
  3 orc priests
  2 jellies
  3 iguanas
  5 orc wizards
  A gnoll shaman (D:7)
  4 worker ants
  2 hound skeletons (D:10)
  2 worker ant zombies
  11 adders
  4 gnolls (D:7)
  2 shadow imps (D:6)
  2 adder skeletons
  4 worms
  5 dart slugs
  8 leopard geckos
  24 orcs
  7 bats
  8 giant cockroaches
  7 goblins
  7 hobgoblins
  17 jackals
  12 kobolds
  4 quokkas
  3 ball pythons
  6 frilled lizards
  A jackal skeleton (D:6)
  11 rats
246 creatures vanquished.

Vanquished Creatures (collateral kills)
  A killer bee (D:10)
1 creature vanquished.

Vanquished Creatures (others)
  A worker ant (D:4)
1 creature vanquished.

Grand Total: 248 creatures vanquished

Notes
Turn   | Place    | Note
-------+----------+-------------------------------------------
     0 | D:1      | Minion the High Elf Wizard began the quest for the Orb.
     0 | D:1      | Reached XP level 1. HP: 11/11 MP: 6/6
   299 | D:1      | Reached XP level 2. HP: 17/17 MP: 4/7
  1061 | D:1      | Reached XP level 3. HP: 21/21 MP: 4/9
  1870 | D:2      | Learned a level 3 spell: Mephitic Cloud
  1879 | D:2      | Learned a level 2 spell: Blink
  1933 | D:2      | Learned a level 2 spell: Repel Missiles
  2053 | D:3      | Reached XP level 4. HP: 27/27 MP: 9/11
  2409 | D:3      | Reached skill level 5 in Spellcasting
  2478 | D:3      | Found a blossoming altar of Fedhas.
  2787 | D:3      | Reached XP level 5. HP: 31/31 MP: 6/13
  3271 | D:4      | Noticed Menkaure
  3281 | D:3      | Killed Menkaure
  3281 | D:3      | Reached XP level 6. HP: 18/36 MP: 2/15
  3959 | D:3      | Reached skill level 5 in Conjurations
  4260 | D:4      | Reached XP level 7. HP: 30/40 MP: 10/17
  4407 | D:4      | Found a basalt altar of Yredelemnul.
  4614 | D:5      | Entered Level 5 of the Dungeon
  4731 | D:5      | Noticed Pikel
  5334 | D:5      | Got a blackened mace
  5335 | D:5      | Identified the +9 mace "Neuny" {drain, *Contam rElec rN+ SInv} (You found it on level 5 of the Dungeon)
  5703 | D:5      | Found a deep blue altar of Sif Muna.
  5882 | D:5      | Noticed a hippogriff
  6106 | D:5      | Killed a hippogriff
  6355 | D:5      | Found a staircase to the Ecumenical Temple.
  6364 | Temple   | Entered the Ecumenical Temple
  6421 | Temple   | Became a worshipper of Vehumet
  6900 | D:6      | Reached XP level 8. HP: 46/46 MP: 5/20
  7477 | D:4      | Killed Pikel
  7706 | D:6      | Noticed Eustachio
  7724 | D:6      | Killed Eustachio
  7959 | D:6      | Found a shattered altar of Ashenzari.
  7959 | D:6      | Found a stormy altar of Qazlal.
  7960 | D:6      | Found an ancient bone altar of Kikubaaqudgha.
  8172 | D:6      | Reached XP level 9. HP: 48/51 MP: 11/23
  8353 | D:7      | Found Inehijumn's Weapon Emporium.
  8376 | D:7      | Got a dazzling ring mail
  8387 | D:7      | Identified the +2 ring mail of the Beekeeper {rPois Regen+} (You found it on level 7 of the Dungeon)
  8628 | D:6      | Reached * piety under Vehumet
  8628 | D:6      | Offered knowledge of Sandblast by Vehumet.
  8690 | D:6      | Reached skill level 10 in Spellcasting
  8778 | D:6      | Learned a level 1 spell: Sandblast
  8830 | D:7      | Found a glowing golden altar of the Shining One.
  8862 | D:7      | Reached skill level 1 in Air Magic
  9001 | D:7      | Got a slimy shield
  9007 | D:7      | Identified the cursed +0 shield of the Serpent {rPois MR+} (You found it on level 7 of the Dungeon)
  9455 | D:8      | Found a shadowy altar of Dithmenos.
  9875 | D:8      | Noticed Grum
  9898 | D:8      | Reached skill level 5 in Air Magic
  9910 | D:8      | Killed Grum
 10122 | D:8      | Found a shimmering altar of Xom.
 10559 | D:9      | Noticed Psyche
 10677 | D:8      | Killed Psyche
 10916 | D:9      | Reached ** piety under Vehumet
 10916 | D:9      | Offered knowledge of Searing Ray by Vehumet.
 10917 | D:9      | Reached XP level 10. HP: 56/56 MP: 9/25
 11026 | D:9      | Learned a level 2 spell: Searing Ray
 11110 | D:9      | Found a staircase to the Orcish Mines.
 11316 | D:9      | Got a bloodstained leather armour
 11500 | D:9      | Reached skill level 10 in Air Magic
 11649 | D:9      | Noticed Gastronok
 11866 | D:9      | Found a burning altar of Makhleb.
 11890 | D:10     | Entered Level 10 of the Dungeon
 11940 | D:10     | Noticed an unseen horror
 11971 | D:10     | Killed an unseen horror
 12037 | D:10     | Identified the +3 leather armour "Tage" {rPois Str+3} (You found it on level 9 of the Dungeon)
 12311 | D:10     | Offered knowledge of Throw Frost by Vehumet.
 12315 | D:10     | Learned a level 2 spell: Throw Frost
 12375 | D:10     | Found a shattered altar of Ashenzari.
 12383 | D:10     | Reached skill level 1 in Ice Magic
 12385 | D:10     | Reached skill level 1 in Maces & Flails
 12654 | D:10     | Reached *** piety under Vehumet
 12890 | D:10     | Noticed a cyclops
 12893 | D:10     | Noticed an ogre mage
 13245 | D:10     | Noticed a harpy
 13254 | D:10     | Killed a harpy
 13254 | D:10     | Reached XP level 11. HP: 53/61 MP: 8/26
 13288 | D:10     | Killed from afar by an ogre mage

Skill      XL: |  1  2  3  4  5  6  7  8  9 10 11 |
---------------+----------------------------------+-----
Spellcasting   | 4 5 6 7 9 10 | 10.0
Conjurations   | 2 3 4 5 6 8 9 |  9.3
Dodging        | 3 4 7 |  7.0
Air Magic      | 8 10 | 10.7
Ice Magic      | 3 |  3.8
Maces & Flails | 2 3 |  3.0
Stealth        | |  2.1
Summonings     | |  0.8
Translocations | |  1.1

Action                   |  1- 3 |  4- 6 |  7- 9 | 10-12 || total
-------------------------+-------+-------+-------+-------++-------
Melee: Unarmed           |     8 |       |       |       ||     8
       Short sword       |     4 |     4 |       |       ||     8
       Mace              |       |       |    36 |   122 ||   158
 Cast: Magic Dart        |   109 |   143 |   485 |   125 ||   862
       Mephitic Cloud    |       |     3 |    23 |    33 ||    59
       Blink             |       |     3 |    15 |    15 ||    33
       Repel Missiles    |       |       |     2 |       ||     2
       Sandblast         |       |       |     3 |       ||     3
       Throw Frost       |       |       |       |    54 ||    54
       Searing Ray       |       |       |       |     2 ||     2
  Use: Scroll            |     4 |     2 |     2 |     1 ||     9
       Potion            |     4 |       |     1 |       ||     5
 Stab: Confused          |       |       |     1 |     2 ||     3
  Eat: Chunk             |     3 |     6 |     4 |     3 ||    16
       Beef jerky        |       |     1 |     1 |       ||     2
       Bread ration      |       |       |     2 |     1 ||     3
       Meat ration       |       |       |     1 |       ||     1
Armor: Robe              |     3 |       |       |       ||     3
       Skin              |     2 |       |       |       ||     2
       Leather armour    |       |    16 |    34 |    34 ||    84
       Ring mail         |       |       |    33 |    24 ||    57
Dodge: Dodged            |    21 |    44 |   150 |   160 ||   375
       Deflected         |       |       |     2 |     5 ||     7
